 Seeded DCSS version 0.29.1-15-g9cfb28693d (webtiles) character file.

Game seed: 10165163451824931987 (custom seed)

9 Psyclone the Stinger (level 2, 15/15 HPs)
             Began as a Deep Elf Venom Mage on Sept 23, 2023.
             Quit the game on level 1 of the Dungeon.
             The game lasted 00:01:00 (471 turns).

Psyclone the Stinger (Deep Elf Venom Mage)           Turns: 471, Time: 00:01:00

Health: 15/15      AC:  2    Str:  5    XL:     2   Next: 3%
Magic:  8/8        EV: 12    Int: 19    God:
Gold:   1351       SH:  0    Dex: 15    Spells: 6/7 levels left

rFire   . . .      SeeInvis .   c - +0 short sword
rCold   . . .      Faith    .   (no shield)
rNeg    . . .      Spirit   .   a - +0 robe
rPois   .          Reflect  .   (no helmet)
rElec   .          Harm     .   (no cloak)
rCorr   .          Rampage  .   (no gloves)
Will    .....                   (no boots)
Stlth   ++........              (no amulet)
HPRegen 0.05/turn               (no ring)
MPRegen 0.11/turn               (no ring)

@: no status effects
A: no striking features
a: no special abilities


You were on level 1 of the Dungeon.
You visited 1 branch of the dungeon, and saw 1 of its levels.

You collected 1351 gold pieces.

Inventory:

Hand Weapons
 c - a +0 short sword (weapon)
Armour
 a - a +0 robe (worn)
Jewellery
 d - the ring "Ruyr" {rC+ Int+4}
   (You acquired it on level 1 of the Dungeon)

   [ring of protection from cold]

   Int:       It affects your intelligence (+4).
   rC:        It protects you from cold.
 e - an amulet of regeneration
Scrolls
 f - a scroll of enchant weapon {unknown}
Potions
 b - a potion of magic


   Skills:
 - Level 2.4 Dodging
 - Level 2.4 Stealth
 - Level 3.0 Spellcasting
 - Level 1.1 Transmutations
 + Level 4.0 Poison Magic


You had 6 spell levels left.
You knew the following spells:

 Your Spells              Type           Power      Damage    Failure   Level
a - Sting                 Tmut/Pois      48%        1d5       5%          1

Your spell library contained the following spells:

 Spells                   Type           Power      Damage    Failure   Level
 Poisonous Vapours        Pois/Air       20%        N/A       10%         2
 Mephitic Cloud           Conj/Pois/Air  7%         N/A       26%         3
 Olgreb's Toxic Radiance  Pois           18%        N/A       28%         4


Dungeon Overview and Level Annotations

Branches:
Dungeon (1/15) Zot: 5528

Altars:


Message History

You take 1 damage, and have 2/10 hp.
You miss the bat. The bat barely misses you.
Casting: Sting (safe; 5% risk of failure)
Confirm with . or Enter, or press ? or * to list all spells.
Aiming: Sting (safe; 5% risk of failure)
Press: ? - help, Shift-Dir - straight line, f - bat
Aim: a bat (57% to hit)
The sting hits the bat.
The bat is poisoned.
You kill the bat!
You now have 0/6 mp.
You hit the hobgoblin.
The hobgoblin is heavily wounded.
The hobgoblin hits you but does no damage.
You hit the hobgoblin.
You kill the hobgoblin!
Your Poison Magic skill increases to level 4!
You have reached level 2!
You regained 2 hp, and now have 4/15 hp.
Things that are here:
a hobgoblin corpse; a bat corpse You start resting.
Magic restored.
You regained 3 hp, and now have 7/15 hp.
MP restored: 8 You start resting.
HP restored.
Health restored: 15
e - an amulet of regeneration
Found a scroll labelled OXEKLA BAOVEU.
Found a scroll of acquirement.
Found a scroll labelled VASHRAI WAIM.
f - a scroll labelled OXEKLA BAOVEU A goblin comes into view.
It is wielding a +0 club.
Found 8 gold pieces.
A hobgoblin comes into view.
You see here a scroll of acquirement.
g - a scroll of acquirement Something appears at your feet!
You now have 1351 gold pieces (gained 1333).
Are you sure you want to abandon this character and quit the game? (Confirm with "yes".)

.#..# .#..#
.?.# #...
..####..# ###
........###....
$.g.........#
#######.##..#
#######@##..##
.............#
.######..###.#
##.####....#
...........#
#.####.##.....#
##### #.#
##.#####...# #
#.# .##..#...#
#. #.#
##..'...#


There were no monsters in sight!

Vanquished Creatures
  2 endoplasms (D:1)
  2 goblins (D:1)
  2 hobgoblins (D:1)
  A bat (D:1)
7 creatures vanquished.

Notes
Turn   | Place    | Note
-------+----------+-------------------------------------------
     0 | D:1      | Psyclone the Deep Elf Venom Mage began the quest for the
                  | Orb.
     0 | D:1      | Reached XP level 1. HP: 10/10 MP: 6/6
   158 | D:1      | Identified a scroll of acquirement
   158 | D:1      | Acquired the ring "Ruyr" {rC+ Int+4}
   231 | D:1      | Reached skill level 4 in Poison Magic
   231 | D:1      | Reached XP level 2. HP: 4/15 MP: 0/8
   467 | D:1      | Acquired 1333 gold pieces
   471 | D:1      | Quit the game

Illustrated notes

Levels and vault maps discovered:
D:1:      evilmike_arrival_fibonacci_small, layout_loops_ring, serial_shops,
          nicolae_shop_behind_doors, ebering_dispersal_statue_hall

Skill      XL: |  1 |
---------------+----+-----
Poison Magic   | 4 |  4.0
Dodging        | |  2.4
Stealth        | |  2.4
Spellcasting   | |  3.0
Transmutations | |  1.1

Action                   || total
-------------------------++-------
Melee: Short sword       ||     9
 Cast: Sting             ||    12
  Use: Scroll            ||     2
Armor: Robe              ||     6
Dodge: Dodged            ||    12
